 Dungeon Crawl Stone Soup version 0.29-a0-728-g6bb282b620 (webtiles) character file.

Game seed: 7554334800137551262

6132 Conn the Thaumaturge (level 10, -5/59 HPs)
             Began as an Octopode Fire Elementalist on June 29, 2022.
             Was a Priest of Kikubaaqudgha.
             Slain by a black mamba (15 damage)
             ... on level 1 of the Lair of Beasts.
             The game lasted 00:44:54 (9385 turns).

Conn the Thaumaturge (Octopode Fire Elementalist)   Turns: 9385, Time: 00:44:58

Health: -5/59      AC:  5    Str:  8    XL:     10   Next: 89%
Magic:  0/22       EV: 14    Int: 28    God:    Kikubaaqudgha [***...]
Gold:   86         SH:  0    Dex: 18    Spells: 3/25 levels left

rFire   + + +      SeeInvis .   f - +1 rapier (venom)
rCold   x . .      Faith    .   (no shield)
rNeg    + . .      Spirit   .   (helmet restricted)
rPois   .          Reflect  .   (no amulet)
rElec   .          Harm     .   s - +6 ring of intelligence
rCorr   .          Rampage  .   k - +4 ring of protection
Will    .....      Clarity  +   t - ring of Nutuilim {rF+ rC+ rN+ Dex+6}
Stlth   ++++......              v - ring of fire
HPRegen 0.19/turn               z - +4 ring of slaying
MPRegen 0.18/turn               l - ring of fire
                                (no ring)
                                (no ring)

@: no status effects
A: almost no armour, amphibious, 8 rings, camouflage 1, gelatinous body 1,
(nimble swimmer 1), tentacles, clarity, deterioration 1
a: Renounce Religion, Unearth Wretches


You were on level 1 of the Lair of Beasts.
You worshipped Kikubaaqudgha.
Kikubaaqudgha was most pleased with you.
You visited 3 branches of the dungeon, and saw 10 of its levels.
You also visited: Bailey.

You collected 386 gold pieces.
You spent 300 gold pieces at shops.

Inventory:

Hand Weapons
 c - a +0 spectral short sword
 d - a +2 dagger of flaming
 f - a +1 rapier of venom (weapon)
Missiles
 j - a throwing net
Magical Staves
 h - a staff of poison
 w - a staff of air
Jewellery
 k - a +4 ring of protection (right tentacle)
 l - a ring of fire (on tentacle)
 s - a +6 ring of intelligence (left tentacle)
 t - the ring of Nutuilim (on tentacle) {rF+ rC+ rN+ Dex+6}
   (You found it on level 4 of the Dungeon)

   [ring of positive energy]

   Dex:       It affects your dexterity (+6).
   rF:        It protects you from fire.
   rC:        It protects you from cold.
   rN:        It protects you from negative energy.
 v - a ring of fire (on tentacle)
 z - a +4 ring of slaying (on tentacle)
Wands
 q - a wand of mindburst (24)
 u - a wand of polymorph (6)
 B - a wand of flame (17)
 D - a wand of iceblast (15)
Scrolls
 e - 2 scrolls of teleportation
 n - 2 scrolls of enchant armour
 x - 2 scrolls of silence
 y - a scroll of magic mapping
 A - 3 scrolls of identify
 C - a scroll of amnesia
 E - a scroll of blinking
Potions
 b - 2 potions of might
 g - a potion of brilliance
 i - a potion of cancellation
 m - 6 potions of mutation
 o - 2 potions of haste
 r - 2 potions of curing


   Skills:
 + Level 1.6 Fighting
 + Level 2.8 Short Blades
 + Level 3.0 Dodging
 + Level 6.3 Stealth
 + Level 8.0 Spellcasting
 * Level 7.3 Conjurations
 + Level 1.3 Hexes
 * Level 7.0 Necromancy
 + Level 7.3 Fire Magic


You had 3 spell levels left.
You knew the following spells:

 Your Spells              Type           Power      Damage    Failure   Level
a - Foxfire               Conj/Fire      100%       2x1d9     1%          1
b - Conjure Flame         Conj/Fire      87%        6-21      1%          3
c - Inner Flame           Hex/Fire       68%        N/A       2%          3
d - Flame Wave            Conj/Fire      87%        2d15      2%          4
e - Scorch                Fire           100%       2d10      1%          2
f - Necrotize             Necr           100%       1d9       1%          1
g - Animate Dead          Necr           50%        N/A       2%          4
h - Anguish               Hex/Necr       17%        N/A       9%          4

Your spell library contained the following spells:

 Spells                   Type           Power      Damage    Failure   Level
 Sublimation of Blood     Necr           50%        N/A       1%          2
 Dazzling Flash           Conj/Hex       70%        N/A       2%          3
 Tukima's Dance           Hex            18%        N/A       9%          3
 Dispel Undead            Necr           50%        3d19      2%          4
 Agony                    Necr           50%        N/A       8%          5
 Lightning Bolt           Conj/Air       15%        1d29      30%         5
 Borgnjor's Vile Clutch   Necr/Erth      15%        N/A       32%         5
 Death Channel            Necr           25%        N/A       38%         6
 Airstrike                Air            5%         N/A       43%         4
 Passage of Golubria      Tloc           11%        N/A       43%         4
 Summon Lightning Spire   Summ/Air       11%        N/A       43%         4
 Silence                  Hex/Air        7%         N/A       71%         5
 Yara's Violent Unravell  Hex/Tmut       7%         3d5       71%         5
 Simulacrum               Ice/Necr       15%        N/A       87%         6


Dungeon Overview and Level Annotations

Branches:
Dungeon (8/15)             Temple (1/1) D:4            Lair (1/6) D:8
 Bailey (visited)

Altars:
Cheibriados
Dithmenos
Hepliaklqana
Kikubaaqudgha
Makhleb
Nemelex Xobeh
Okawaru
Ru
Sif Muna
Vehumet
Yredelemnul

Shops:
D:5 *   D:7 =   D:8 *


Innate Abilities, Weirdness & Mutations

You cannot wear most types of armour.
You are amphibious.
You can wear up to eight rings at the same time.
Your skin changes colour to match your surroundings (Stealth+).
Your rubbery body absorbs attacks. (AC +1, EV +1)
((You are camouflaged when in or above water. (Stealth+)))
You have tentacles for arms and can constrict up to eight enemies at once.
You possess an exceptional clarity of mind.
Your body sometimes deteriorates upon taking damage.


Message History

You kill the cane toad!
Kikubaaqudgha accepts your kill. (Press . to intensify the flame waves.)
A black mamba comes into view.
Your Spellcasting skill increases to level 8!
Casting: Flame Wave (dangerous; 2% risk of failure)
Confirm with . or Enter, or press ? or * to list all spells.
You feel a strong surge of power!
You conjure some foxfire!
Unknown command.
Casting: Foxfire (safe; 1% risk of failure)
Confirm with . or Enter, or press ? or * to list all spells.
You feel a strong surge of power!
You conjure some foxfire!
The foxfire hits the black mamba.
The black mamba is lightly wounded.
The foxfire hits the black mamba.
The black mamba is lightly wounded.
Casting: Foxfire (safe; 1% risk of failure)
Confirm with . or Enter, or press ? or * to list all spells.
You feel a strong surge of power!
Flames lash the black mamba.
The black mamba is moderately wounded.
The black mamba's fire resistance burns away.
The foxfire hits the black mamba but does no damage.
The black mamba is moderately wounded.
The foxfire hits the black mamba.
The black mamba is burned terribly!
The black mamba is moderately wounded.
Casting: Scorch (safe; 1% risk of failure)
Confirm with . or Enter, or press ? or * to list all spells.
You feel a strong surge of power!
Flames lash the black mamba.
The black mamba is burned terribly!
The black mamba is severely wounded.
The black mamba bites you.
* * * LOW HITPOINT WARNING * * *
You hit the black mamba.
The black mamba is poisoned.
You grab the black mamba.
The black mamba is severely wounded.
You constrict the black mamba, but do no damage.
The black mamba bites you.
* * * LOW HITPOINT WARNING * * *
The black mamba bites you!
You die...
Kikubaaqudgha rasps: "You have failed me!
Welcome... death!"

#P##.##.P#P######## §§
......§.§.......... ...☼○
..........###'.##..
.§##§#####.°§°.####.###..
§§§°..☼☼§..☼.##.....##..
#☼§☼○☼☼+☼○.○##.....##.. #
#.§..§§#☼°.○#......##..
..
#§☼☼☼°☼☼.°§.##.....##..
#..
#☼☼☼☼§@○☼.○.##.....#...
....
#§○.°S†#°§☼○#########..
#....#○§§☼.☼#.☼○§.# #[.
....§†##☼☼###..○○§○. .
....○.○§§§...h...○○.. .
.....§○☼.§.......§§... .
......○☼○.........§... .
.....☼§☼○....... .
................ .


You could see a black mamba (very poisoned, combustible).

Vanquished Creatures
  Erica (D:8)
  The ghost of capka3m the Thaumaturge, a novice MeEE of Cheibriados (D:7)
  2 cane toads (Lair:1)
  A komodo dragon (Lair:1)
  A polar bear (Lair:1)
  Prince Ribbit (Lair:1)
  7 blink frogs (Lair:1)
  A basilisk (Lair:1)
  An acid dragon (D:6)
  3 water moccasins
  3 black bears
  An ice beast (D:5)
  An ogre (D:5)
  An orc warrior (D:8)
  2 centaurs (D:7)
  A bullfrog (D:8)
  A necrophage (D:8)
  A scorpion (D:5)
  16 killer bees
  2 jellies
  A hound (D:6)
  An orc priest (D:8)
  A gnoll shaman (D:8)
  Natasha (D:2)
  3 iguanas
  3 orc wizards
  4 gnolls (D:8)
  5 adders
  3 shadow imps
  An ufetubus (D:6)
  3 worms
  5 dart slugs
  29 orcs
  5 ball pythons
  6 endoplasms
  2 giant cockroaches (D:3)
  12 goblins
  10 hobgoblins
  4 jackals (D:5)
  4 quokkas
  A bat (D:1)
  A frilled lizard (D:2)
  8 kobolds
  4 rats
165 creatures vanquished.

Vanquished Creatures (collateral kills)
  A foxfire (Lair:1)
1 creature vanquished.

Vanquished Creatures (others)
  A water moccasin (Lair:1)
  374 foxfires
  A fungus (Lair:1)
  8 plants (Lair:1)
384 creatures vanquished.

Grand Total: 550 creatures vanquished

Notes
Turn   | Place    | Note
-------+----------+-------------------------------------------
     0 | D:1      | Conn the Octopode Fire Elementalist began the quest for the
                  | Orb.
     0 | D:1      | Reached XP level 1. HP: 11/11 MP: 3/3
    69 | D:1      | Reached XP level 2. HP: 17/17 MP: 0/5
   702 | D:1      | Reached XP level 3. HP: 21/21 MP: 6/6
   860 | D:1      | Found a faded altar of an unknown god.
   863 | D:1      | Prayed at the altar of an unknown god.
   863 | D:1      | Became a worshipper of Kikubaaqudgha
   863 | D:1      | Reached * piety under Kikubaaqudgha
   863 | D:1      | Received a gift from Kikubaaqudgha
  1793 | D:2      | Reached XP level 4. HP: 27/27 MP: 6/8
  2054 | D:2      | Noticed Natasha
  2058 | D:2      | Killed Natasha
  2174 | D:3      | Reached skill level 3 in Spellcasting
  2174 | D:3      | Reached XP level 5. HP: 31/31 MP: 1/9
  2297 | D:3      | Reached skill level 1 in Short Blades
  2488 | D:3      | Found a shadowy altar of Dithmenos.
  3123 | D:4      | Reached ** piety under Kikubaaqudgha
  3278 | D:4      | Learned a level 2 spell: Scorch
  3282 | D:4      | Learned a level 3 spell: Conjure Flame
  3286 | D:4      | Learned a level 3 spell: Inner Flame
  3298 | D:4      | Found a staircase to the Ecumenical Temple.
  3307 | Temple   | Entered the Ecumenical Temple
  3338 | D:4      | Identified the ring of Nutuilim {rF+ rC+ rN+ Dex+6}
  3916 | D:4      | Gained mutation: You possess an exceptional clarity of
                  | mind. [potion of mutation]
  3916 | D:4      | Gained mutation: Your body sometimes deteriorates upon
                  | taking damage. [potion of mutation]
  4142 | D:4      | Learned a level 1 spell: Necrotize
  4167 | D:5      | Entered Level 5 of the Dungeon
  4223 | D:5      | Reached XP level 6. HP: 36/36 MP: 7/11
  4450 | D:5      | Noticed an ice beast
  4454 | D:5      | Killed an ice beast
  4455 | D:5      | Reached skill level 5 in Stealth
  4455 | D:5      | Reached skill level 1 in Necromancy
  4647 | D:5      | Found a sparkling altar of Nemelex Xobeh.
  4663 | D:5      | Found an ancient bone altar of Kikubaaqudgha.
  4666 | D:5      | Found a basalt altar of Yredelemnul.
  4676 | D:5      | Found an iron altar of Okawaru.
  4714 | D:5      | Found Pewkuot's General Store.
  4856 | D:5      | Reached XP level 7. HP: 42/42 MP: 6/12
  4899 | D:5      | Found a hazy altar of Hepliaklqana.
  4967 | D:6      | Reached skill level 4 in Spellcasting
  5281 | D:6      | Reached XP level 8. HP: 47/47 MP: 10/14
  5549 | D:6      | Learned a level 4 spell: Flame Wave
  6018 | D:7      | Found a runed translucent gate.
  6019 | D:7      | Found a runed translucent gate.
  6019 | D:7      | Found a runed translucent gate.
  6021 | D:7      | Noticed capka3m's ghost (novice MeEE)
  6136 | D:7      | Found a flagged portal.
  6155 | Bailey   | Entered a bailey
  6548 | D:7      | Found Koko's Jewellery Shoppe.
  6553 | D:7      | Bought a ring of fire for 300 gold pieces
  6720 | D:7      | Found a burning altar of Makhleb.
  6900 | D:7      | Reached skill level 5 in Spellcasting
  6902 | D:7      | Reached skill level 5 in Conjurations
  6907 | D:7      | Reached *** piety under Kikubaaqudgha
  6907 | D:7      | Received a gift from Kikubaaqudgha
  7191 | D:7      | Reached skill level 5 in Fire Magic
  7277 | D:7      | Reached skill level 1 in Fighting
  7277 | D:7      | Reached XP level 9. HP: 43/53 MP: 8/17
  7576 | D:7      | Killed capka3m's ghost
  7577 | D:7      | Reached skill level 6 in Spellcasting
  7935 | D:8      | Learned a level 4 spell: Animate Dead
  8465 | D:8      | Found a staircase to the Lair.
  8764 | D:8      | Noticed Erica
  8768 | D:8      | Killed Erica
  8769 | D:8      | Reached skill level 7 in Spellcasting
  8769 | D:8      | Reached skill level 5 in Necromancy
  8769 | D:8      | Reached XP level 10. HP: 58/58 MP: 10/20
  8932 | D:8      | Found Baehegh's Assorted Antiques.
  9028 | Lair:1   | Entered Level 1 of the Lair of Beasts
  9071 | Lair:1   | Noticed Prince Ribbit
  9075 | Lair:1   | Noticed a cane toad
  9077 | Lair:1   | Killed Prince Ribbit
  9103 | Lair:1   | Killed a cane toad
  9107 | Lair:1   | Reached skill level 1 in Hexes
  9107 | Lair:1   | Noticed a cane toad
  9291 | D:8      | Learned a level 4 spell: Anguish
  9368 | Lair:1   | Noticed a cane toad
  9380 | Lair:1   | Killed a cane toad
  9380 | Lair:1   | Noticed a black mamba
  9381 | Lair:1   | Reached skill level 8 in Spellcasting
  9385 | Lair:1   | Slain by a black mamba

Illustrated notes

Levels and vault maps discovered:
D:1:      saegor_arrival_miasma, layout_basic, basic_ecumenical_altar
D:2:      layout_loops_corners, hangedman_decor_lopped, grunt_ministairs_15,
          minmay_stone_trees_medium, uniq_natasha
D:3:      layout_rooms, nicolae_dithmenos_through_a_glass_darkly, st_stairs_4,
          due_unseen_surprise
D:4:      layout_loops_ring, minmay_temple_entry_statues_pillars, st_stairs_4
D:5:      layout_rooms, nicolae_hepliaklqana_hippocampus,
          grunt_temple_overflow_cloverleaf, serial_shops, kennysheep_mini_moat,
          columned_hall_lemuel
D:6:      layout_rooms, lightli_orcish_oven
D:7:      layout_loops_ring, mainiacjoe_overflow_paths,
          ebering_ghost_rock_garden, enter_bailey_5, serial_shops, shop
D:8:      layout_loops_ring, lair_entry_dummy, serial_shops,
          nicolae_shop_behind_doors, nicolae_figureground_pulse, uniq_erica
Temple:   zaba_magenta_temple
Lair:1:   beast_lair_carwin_large_1, layout_regular_city, basic_altar,
          uniq_maggie, uniq_urug, uniq_prince_ribbit2

Skill      XL: |  1  2  3  4  5  6  7  8  9 10 |
---------------+-------------------------------+-----
Stealth        | 3 4 5 6 |  6.3
Spellcasting   | 3 4 5 7 8 |  8.0
Short Blades   | 1 2 |  2.8
Conjurations   | 2 3 4 5 6 7 |  7.3
Necromancy     | 1 2 3 5 7 |  7.0
Fire Magic     | 4 5 6 7 |  7.3
Fighting       | 1 |  1.6
Dodging        | 3 |  3.0
Hexes          | 1 |  1.3

Action                   |  1- 3 |  4- 6 |  7- 9 | 10-12 || total
-------------------------+-------+-------+-------+-------++-------
Melee: Dagger            |    22 |    37 |    25 |       ||    84
       Tentacles         |     7 |    11 |     5 |     3 ||    26
       Constrict         |     6 |     9 |     9 |     2 ||    26
       Short sword       |     1 |       |       |       ||     1
       Punch             |     1 |       |       |       ||     1
       Rapier            |       |       |     8 |     7 ||    15
 Cast: Foxfire           |    41 |    82 |    89 |    17 ||   229
       Scorch            |       |     1 |    28 |     8 ||    37
       Necrotize         |       |     2 |    10 |       ||    12
       Conjure Flame     |       |       |     8 |       ||     8
       Flame Wave        |       |       |     3 |     4 ||     7
       Animate Dead      |       |       |     5 |     1 ||     6
       Inner Flame       |       |       |     4 |     2 ||     6
       Anguish           |       |       |       |     1 ||     1
Invok: Unearth Wretches  |       |       |       |     1 ||     1
Evoke: Wand              |       |       |     2 |       ||     2
  Use: Scroll            |       |    16 |     5 |     1 ||    22
       Potion            |       |     2 |     3 |     4 ||     9
 Stab: Sleeping          |     7 |     9 |     2 |       ||    18
       Paralysed         |       |       |       |     1 ||     1
Armor: Skin              |     1 |    10 |     7 |     2 ||    20
Dodge: Dodged            |     8 |    25 |    33 |     7 ||    73

Table legend: (Time is in decaauts)
 A = Elapsed time spent in this place.
 B = Non-inter-level travel time spent in this place.
 C = Inter-level travel time spent in this place.
 D = Time resting spent in this place.
 E = Time spent auto-exploring this place.
 F = Levels seen in this place.
 G = Mean time per level.
                   A        B        C        D        E       F      G
               +--------+--------+--------+--------+--------+-----+--------+
         Total |   9379 |   9117 |    262 |    509 |   6565 |  11 |  852.6 |
       Dungeon |   9084 |   8822 |    262 |    462 |   6475 |   8 | 1135.5 |
        Temple |      7 |      7 |      0 |      0 |      0 |   1 |    7.0 |
          Lair |    166 |    166 |      0 |      0 |     76 |   1 |  166.0 |
        Bailey |    120 |    120 |      0 |     47 |     14 |   1 |  120.0 |
               +--------+--------+--------+--------+--------+-----+--------+

Top non-repeatable levels by time:
     D:7: 1788 daAuts
     D:2: 1298 daAuts
     D:8: 1296 daAuts
     D:4: 1044 daAuts
     D:1: 963 daAuts
     D:6: 940 daAuts
     D:5: 897 daAuts
     D:3: 856 daAuts
  Lair:1: 166 daAuts
  Bailey: 120 daAuts
  Temple: 7 daAuts
